 Dungeon Crawl Stone Soup version 0.24-a0-183-g8902462 (webtiles) character file.

Game seed: 7114892610621841076

2219 TheGoonsmith the Conjurer (level 9, -2/67 (68) HPs)
             Began as a Demonspawn Wizard on Mar 15, 2019.
             Was a Believer of Kikubaaqudgha.
             Shot with an arrow by a centaur (3 damage)
             ... on level 6 of the Dungeon.
             The game lasted 00:15:22 (6457 turns).

TheGoonsmith the Conjurer (Demonspawn Wizard)       Turns: 6457, Time: 00:15:23

HP:   -2/67 (68)    AC:  6    Str: 11    XL:     9   Next: 13%
MP:   7/16          EV: 14    Int: 21    God:    Kikubaaqudgha [**....]
Gold: 174           SH:  0    Dex: 13    Spells: 6/18 levels left

rFire    . . .     SeeInvis .   w - +2 dagger (drain)
rCold    . . .     Gourm    .   (no shield)
rNeg     . . .     Faith    .   s - +0 leather armour of Philately {Str+3} (curse)
rPois    .         Spirit   .   b - +1 hat
rElec    .         Reflect  .   (no cloak)
rCorr    .         Harm     .   (no gloves)
MR       .....                  B - +1 pair of boots
Stlth    +++.......             (no amulet)
HPRegen  0.00/turn              v - ring of wizardry
MPRegen  0.15/turn              p - ring of stealth

@: non-regenerating, diseased
A: talons 1, demonic guardian 2, spiny 1, sturdy frame 2
a: Receive Corpses, Renounce Religion


You were on level 6 of the Dungeon.
You worshipped Kikubaaqudgha.
Kikubaaqudgha was pleased with you.
You were not hungry.

You visited 1 branch of the dungeon, and saw 6 of its levels.

You collected 174 gold pieces.

Inventory:

Hand Weapons
 f - a +1 mace
 l - a +2 dagger of freezing
 w - a +2 dagger of draining (weapon)
 x - a +0 long sword
Armour
 a - a +0 robe
 b - a +1 hat (worn)
 i - a +0 robe of cold resistance
 s - the cursed +0 leather armour of Philately (worn) {Str+3}
   (You found it on level 4 of the Dungeon)

   It affects your strength (+3).
   It has a curse placed upon it.
 B - a +1 pair of boots (worn)
Jewellery
 e - a +3 ring of strength
 p - a ring of stealth (right hand)
 v - a ring of wizardry (left hand)
Wands
 g - a wand of enslavement (6)
 r - a wand of digging (5)
Scrolls
 n - 2 scrolls of teleportation
 o - 3 scrolls of identify
 t - 2 scrolls of magic mapping
 u - a scroll of enchant weapon
 y - 2 scrolls of remove curse
Potions
 c - a potion of degeneration
 j - 2 potions of lignification
 k - a potion of flight
 m - 2 potions of might
 q - a potion of haste
 z - a potion of curing
Comestibles
 d - 7 rations


   Skills:
 - Level 5.0 Fighting
 + Level 1.9 Short Blades
 - Level 4.0 Dodging
 - Level 1.7 Stealth
 - Level 5.0 Spellcasting
 - Level 6.0 Conjurations
   Level 1.0 Summonings
 - Level 5.1 Necromancy
 - Level 2.0 Translocations
 - Level 1.4 Fire Magic
 - Level 1.0 Air Magic
 - Level 2.2 Poison Magic


You had 6 spell levels left.
You knew the following spells:

 Your Spells              Type           Power        Failure   Level  Hunger
a - Magic Dart            Conj           ####         1%          1    None
c - Conjure Flame         Conj/Fire      ###.....     2%          3    ##.....
e - Blink                 Tloc           N/A          2%          2    None
s - Vampiric Draining     Necr           ####......   1%          3    ##.....
x - Mephitic Cloud        Conj/Pois/Air  ###.....     3%          3    ##.....

Your spell library contained the following spells:

 Spells                   Type           Power        Failure   Level  Hunger
 Animate Skeleton         Necr           N/A          1%          1    None
 Pain                     Necr           ####         1%          1    None
 Sublimation of Blood     Necr           ####......   1%          2    None
 Call Imp                 Summ           #.......     4%          2    None
 Slow                     Hex            #.......     6%          2    None


Dungeon Overview and Level Annotations

Branches:
Dungeon (6/15)             Temple (0/1) D:5

Altars:
Ashenzari
Cheibriados
Dithmenos
Elyvilon
Kikubaaqudgha
Makhleb
Nemelex Xobeh
Trog
Uskayaw
Vehumet
Wu Jian
Zin

Shops:
D:5 [


Innate Abilities, Weirdness & Mutations

You have sharp toenails.
A demonic guardian rushes to your aid.
You are partially covered in sharp spines.
Your movements are less encumbered by armour. (ER -4)


Message History

Aiming: Magic Dart (safe; 1% risk of failure)
Press: ? - help, Shift-Dir - straight line, f - centaur
Aim: a centaur, wearing a +0 robe (hasn't noticed you)
The magic dart hits the centaur.
The centaur is lightly wounded.
The centaur shouts!
The centaur wields a +0 shortbow of flaming.
It bursts into flame!
The centaur shoots an arrow.
The arrow hits you! The arrow burns you.
* * * LOW HITPOINT WARNING * * *
The centaur shoots an arrow.
The arrow completely misses you.
The centaur shoots an arrow.
The arrow hits you!
* * * LOW HITPOINT WARNING * * *
The arrow burns you.
* * * LOW HITPOINT WARNING * * *
The centaur shoots an arrow.
The arrow hits you.
* * * LOW HITPOINT WARNING * * *
The arrow burns you.
You die...
Kikubaaqudgha rasps: "You have failed me!
Welcome... death!"

####### ).. .......
##.# ....... ##...
.......###..#
#............#
#............##
#........((...##
#.(............#
.>.........@..#
##...........##
#..........).#####.
##...........c.....
##........##.......
#..<.......##...#..
#..........# .....#
#............ .....
#............<...##


You could see a centaur.

Vanquished Creatures
  Prince Ribbit (D:5)
  A hippogriff (D:5)
  Sigmund (D:1)
  Edmund (D:5)
  Menkaure (D:5)
  Duvessa (D:5)
  2 black bears
  A phantom (D:6)
  An ogre (D:5)
  A necrophage (D:6)
  Dowan (D:5)
  3 scorpions (D:5)
  A howler monkey (D:4)
  A crimson imp (D:5)
  4 hounds
  3 orc priests
  3 orc wizards
  3 iguanas
  Ijyb (D:3)
  2 worker ants
  2 worker ant zombies (D:5)
  5 adders
  6 river rats (D:5)
  A shadow imp (D:4)
  An adder skeleton (D:5)
  3 worms
  A dart slug (D:1)
  3 leopard geckos
  14 orcs
  2 ball pythons
  8 bats
  A giant cockroach (D:3)
  7 hobgoblins
  5 kobolds
  9 quokkas (D:5)
  4 frilled lizards
  11 goblins
  A leopard gecko skeleton (D:5)
  A quokka skeleton (D:4)
  26 rats
144 creatures vanquished.

Vanquished Creatures (collateral kills)
  Blork the orc (D:5)
  An orc wizard (D:5)
  A hound (D:6)
  An orc priest (D:3)
  An adder (D:4)
  An adder skeleton (D:4)
  2 orcs
8 creatures vanquished.

Grand Total: 152 creatures vanquished

Notes
Turn   | Place    | Note
-------+----------+-------------------------------------------
     0 | D:1      | TheGoonsmith the Demonspawn Wizard began the quest for the
                  | Orb.
     0 | D:1      | Reached XP level 1. HP: 13/13 MP: 4/4
   472 | D:1      | Reached skill level 2 in Conjurations
   472 | D:1      | Gained mutation: You have sharp toenails. [demonic
                  | ancestry]
   472 | D:1      | Reached XP level 2. HP: 19/19 MP: 0/6
   881 | D:2      | Noticed Sigmund
   905 | D:1      | Killed Sigmund
   905 | D:1      | Reached skill level 5 in Conjurations
   905 | D:1      | Gained mutation: Your movements are slightly less
                  | encumbered by armour. (ER -2) [demonic ancestry]
   905 | D:1      | Reached XP level 3. HP: 11/24 MP: 0/7
   905 | D:1      | Gained mutation: A weak demonic guardian rushes to your
                  | aid. [demonic ancestry]
   905 | D:1      | Reached XP level 4. HP: 14/30 MP: 0/8
   905 | D:1      | Gained mutation: Your movements are less encumbered by
                  | armour. (ER -4) [demonic ancestry]
   905 | D:1      | Reached XP level 5. HP: 17/35 MP: 0/9
  1083 | D:1      | Learned a level 2 spell: Blink
  1087 | D:1      | Learned a level 3 spell: Conjure Flame
  1091 | D:1      | Learned a level 3 spell: Mephitic Cloud
  1324 | D:2      | Found a snail-covered altar of Cheibriados.
  1327 | D:2      | Found a sparkling altar of Nemelex Xobeh.
  1430 | D:2      | Found a white marble altar of Elyvilon.
  1789 | D:2      | Found a burning altar of Makhleb.
  1886 | D:2      | Found an ornate altar of the Wu Jian Council.
  1889 | D:2      | Found an ancient bone altar of Kikubaaqudgha.
  1891 | D:2      | Found a shattered altar of Ashenzari.
  2194 | D:3      | Noticed a black bear
  2456 | D:3      | Reached XP level 6. HP: 41/41 MP: 9/11
  2652 | D:3      | Found a radiant altar of Vehumet.
  2654 | D:3      | Noticed Ijyb
  2675 | D:3      | Killed Ijyb
  2675 | D:3      | Reached skill level 1 in Translocations
  2834 | D:2      | Became a worshipper of Kikubaaqudgha
  2964 | D:3      | Reached skill level 1 in Fighting
  3157 | D:4      | Found a shadowy altar of Dithmenos.
  3392 | D:4      | Reached XP level 7. HP: 51/51 MP: 8/13
  3416 | D:4      | Reached skill level 1 in Poison Magic
  3443 | D:3      | Reached skill level 1 in Air Magic
  3689 | D:4      | Got a heavily runed leather armour
  3693 | D:4      | Identified the cursed +0 leather armour of Philately
                  | {Str+3} (You found it on level 4 of the Dungeon)
  3835 | D:4      | Found a glowing silver altar of Zin.
  3988 | D:5      | Entered Level 5 of the Dungeon
  4012 | D:5      | Reached skill level 6 in Conjurations
  4108 | D:5      | Found a staircase to the Ecumenical Temple.
  4121 | D:5      | Noticed Menkaure
  4126 | D:5      | Killed Menkaure
  4126 | D:5      | Reached skill level 1 in Fire Magic
  4377 | D:5      | Noticed Blork the orc
  4392 | D:5      | Killed Blork the orc
  4536 | D:5      | Reached * piety under Kikubaaqudgha
  4536 | D:5      | Identified Kikubaaqudgha's Reference Book on Stolen Souls
                  | (Kikubaaqudgha gifted it to you on level 5 of the Dungeon)
  4536 | D:5      | Received a gift from Kikubaaqudgha
  4597 | D:5      | Learned a level 3 spell: Vampiric Draining
  4606 | D:5      | Noticed Edmund
  4614 | D:5      | Gained mutation: You are partially covered in sharp spines.
                  | [demonic ancestry]
  4614 | D:5      | Reached XP level 8. HP: 58/58 MP: 2/14
  4628 | D:5      | Killed Edmund
  4628 | D:5      | Reached skill level 1 in Necromancy
  4730 | D:5      | Found a hide-covered altar of Uskayaw.
  4763 | D:5      | Found Utonyodae's Antique Armour Emporium.
  4867 | D:5      | Noticed Prince Ribbit
  4878 | D:5      | Killed Prince Ribbit
  5038 | D:5      | Found a bloodstained altar of Trog.
  5123 | D:5      | Reached skill level 5 in Spellcasting
  5144 | D:5      | Noticed a hippogriff
  5159 | D:5      | Killed a hippogriff
  5593 | D:5      | Noticed Duvessa
  5594 | D:5      | Reached skill level 5 in Necromancy
  5716 | D:5      | Killed Duvessa
  5716 | D:5      | Noticed Dowan
  5735 | D:5      | Killed Dowan
  5809 | D:5      | Reached ** piety under Kikubaaqudgha
  6229 | D:6      | Gained mutation: A demonic guardian rushes to your aid.
                  | [demonic ancestry]
  6229 | D:6      | Reached XP level 9. HP: 30/66 MP: 4/16
  6377 | D:6      | Reached skill level 1 in Short Blades
  6426 | D:6      | Reached skill level 5 in Fighting
  6457 | D:6      | HP: 1/67 [centaur/arrow (5)]
  6457 | D:6      | Shot with an arrow by a centaur

Levels and vault maps discovered:
D:1:      dpeg_arrival_houses_and_road, layout_loops_cross
D:2:      wander_river, layout_basic, nicolae_overflow_hidden_temple,
          elyvilon_altar_3, first_ration, st_stairs_2, bloody_makhleb,
          uniq_sigmund
D:3:      layout_basic, overflow_temple_1_default, uniq_ijyb
D:4:      kennysheep_big_flooded_room, layout_rooms, grunt_dithmenos_shadows,
          nicolae_overflow_crystal_walls
D:5:      lemuel_ratsnest, layout_basic, lemuel_coloured_pillars_altar,
          kennysheep_little_box, temple_doors_e, serial_shops, shop,
          uniq_blork_the_orc, uniq_prince_ribbit1, uniq_edmund, uniq_menkaure,
          uniq_duvessa
D:6:      layout_rooms, serial_shops, shop, basic_altar, kennysheep_slug_shrine

Skill      XL: |  1  2  3  4  5  6  7  8  9 |
---------------+----------------------------+-----
Conjurations   | 2 5 6 |  6.0
Translocations | 2 |  2.0
Fighting       | 2 3 4 5 |  5.0
Spellcasting   | 4 5 |  5.0
Poison Magic   | 2 |  2.2
Air Magic      | 1 |  1.0
Fire Magic     | 1 |  1.4
Dodging        | 2 3 4 |  4.0
Necromancy     | 5 |  5.1
Short Blades   | 1 |  1.9
Stealth        | |  1.7
Summonings     | |  1.0

Action                   |  1- 3 |  4- 6 |  7- 9 || total
-------------------------+-------+-------+-------++-------
Melee: Mace              |     9 |    10 |       ||    19
       Dagger            |       |       |    93 ||    93
       Kick              |       |       |    24 ||    24
 Cast: Magic Dart        |    37 |   139 |   198 ||   374
       Conjure Flame     |       |     3 |     7 ||    10
       Mephitic Cloud    |       |     1 |     6 ||     7
       Vampiric Draining |       |       |     3 ||     3
  Use: Potion            |     5 |       |     1 ||     6
       Scroll            |       |     7 |     5 ||    12
 Stab: Confused          |       |     2 |     3 ||     5
  Eat: Chunk             |       |     3 |    12 ||    15
       Ration            |       |     1 |       ||     1
Armor: Robe              |     3 |     7 |     5 ||    15
       Leather armour    |       |       |     4 ||     4
Dodge: Dodged            |    18 |    22 |    64 ||   104

Table legend:
 A = Non-vault XP
 B = Vault XP
 C = Vault XP percentage of total XP
 D = Non-vault monster count
 E = Vault monster count
 F = Vault count percentage of total count
                 A         B        C        D         E       F
            +---------+---------+-------+---------+---------+-------
      Total |    1670 |    1501 |  47.3 |     104 |      48 |  31.6
            +---------+---------+-------+---------+---------+-------
        D:1 |      17 |     212 |  92.6 |      10 |       1 |   9.1
        D:2 |      45 |       4 |   8.2 |      19 |       2 |   9.5
        D:3 |     278 |      76 |  21.5 |      29 |       2 |   6.5
        D:4 |     227 |      15 |   6.2 |       9 |       2 |  18.2
        D:5 |     693 |    1194 |  63.3 |      23 |      41 |  64.1
        D:6 |     410 |       0 |   0.0 |      14 |       0 |   0.0
            +---------+---------+-------+---------+---------+-------
